 Dungeon Crawl Stone Soup version 0.27.1-33-g824d729ab1 (webtiles) character file.

Game seed: 8377959420849655918

94524 DearestLeader the Thaumaturge (level 16, -2/127 HPs)
             Began as a Gnoll Wanderer on Dec 3, 2021.
             Was a High Priest of Vehumet.
             Slain by a tyrant leech (19 damage)
             ... on level 3 of the Swamp on Dec 9, 2021.
             The game lasted 01:50:30 (32446 turns).

DearestLeader the Thaumaturge (Gnoll Wanderer)     Turns: 32446, Time: 01:50:32

Health: -2/127     AC: 13    Str:  9    XL:     16   Next: 11%
Magic:  10/32      EV: 18    Int: 33    God:    Vehumet [*****.]
Gold:   2372       SH:  9    Dex: 18    Spells: 0/39 levels left

rFire    + + .     SeeInvis +   Z - +10 trident "Biafadgh" {vorpal, *Corrode Fly Int+9 SInv}
rCold    + + +     Faith    .   r - +2 buckler
rNeg     . . .     Spirit   .   z - +2 robe {rC+ rF+}
rPois    +         Reflect  .   I - +0 helmet
rElec    .         Harm     .   i - scarf {rC+ rF+}
rCorr    .         Rampage  .   G - +2 pair of gloves {Dex+3}
Will     +....                  y - +2 pair of boots
Stlth    +++++.....             n - amulet of Qischurgh {RegenMP *Slow rPois rC+}
HPRegen  0.31/turn              e - +6 ring of intelligence
MPRegen  0.48/turn              Q - ring of poison resistance

@: unable to drink, flying, very slightly contaminated
A: no potions, fangs 1, strong nose, distributed training
a: Renounce Religion


You were on level 3 of the Swamp.
You worshipped Vehumet.
Vehumet was extremely pleased with you.
You visited 5 branches of the dungeon, and saw 24 of its levels.
You also visited: Bailey, Ice Cave and Volcano.

You collected 3369 gold pieces.
You spent 997 gold pieces at shops.

Inventory:

Hand Weapons
 s - a +2 scimitar of holy wrath
 T - the +7 hunting sling "Ituitidi" {freeze, Will++}
   (You found it on level 3 of the Lair of Beasts)

   Any ammunition fired from it freezes those it strikes, dealing additional
   cold damage.
   It can also slow down cold-blooded creatures.
   Will:      It greatly increases your willpower.
 Z - the +10 trident "Biafadgh" (weapon) {vorpal, *Corrode Fly Int+9 SInv}
   (You found it in an ice cave)

   It inflicts extra damage upon your enemies.
   Int:       It affects your intelligence (+9).
   SInv:      It lets you see invisible.
   Fly:       It grants you flight.
   *Corrode:  It may corrode you when you take damage.
Missiles
 a - 6 throwing nets
 d - 596 stones (quivered)
 N - 178 arrows
 U - 9 curare-tipped darts
 X - 5 datura-tipped darts
Armour
 i - a scarf of resistance (worn)
 r - a +2 buckler (worn)
 y - a +2 pair of boots (worn)
 z - a +2 robe of resistance (worn)
 G - a +2 pair of gloves of dexterity (worn)
 I - a +0 helmet (worn)
 M - a +0 kite shield of reflection
Magical Staves
 x - a staff of cold
Jewellery
 e - a +6 ring of intelligence (left hand)
 h - an amulet of regeneration
 n - the amulet of Qischurgh (around neck) {RegenMP *Slow rPois rC+}
   (You found it in an ice cave)

   [amulet of magic regeneration]

   It increases your rate of magic regeneration.
   rC:        It protects you from cold.
   rPois:     It protects you from poison.
   *Slow:     It may slow you when you take damage.
 w - a ring of protection from cold
 B - a ring of resist corrosion
 F - a +6 ring of intelligence
 Q - a ring of poison resistance (right hand)
 R - a +4 ring of evasion
 V - a ring of ice
 Y - a +6 ring of strength
Wands
 q - a wand of polymorph (5)
 u - a wand of digging (10)
 v - a wand of mindburst (10)
 C - a wand of charming (26)
 H - a wand of iceblast (24)
Scrolls
 g - 6 scrolls of enchant weapon
 p - 6 scrolls of amnesia
 t - 3 scrolls of enchant armour
 E - a scroll of magic mapping
 K - 3 scrolls of fog
 W - 4 scrolls of identify
Potions
 f - 6 potions of mutation
 j - 6 potions of heal wounds
 k - 6 potions of ambrosia
 l - 4 potions of might
 m - 2 potions of invisibility
 o - 7 potions of lignification
 A - a potion of magic
 D - 10 potions of curing
 J - 4 potions of brilliance
 L - 3 potions of haste
 O - a potion of cancellation
 P - 2 potions of flight {unknown}
 S - 3 potions of resistance
Miscellaneous
 c - a phantom mirror


   Skills:
 + Level 12.2 Fighting
 + Level 10.5 Short Blades
 + Level 10.5 Long Blades
 + Level 10.5 Axes
 + Level 10.5 Maces & Flails
 + Level 10.5 Polearms
 + Level 10.8 Staves
 + Level 10.5 Slings
 + Level 10.5 Bows
 + Level 10.5 Crossbows
 + Level 10.5 Throwing
 + Level 10.5 Armour
 + Level 10.5 Dodging
 + Level 11.3 Stealth
 + Level 10.5 Shields
 + Level 10.5 Unarmed Combat
 + Level 12.4 Spellcasting
 + Level 8.9 Conjurations
 + Level 8.9 Hexes
 + Level 8.9 Summonings
 + Level 8.9 Necromancy
 + Level 8.9 Translocations
 + Level 8.9 Transmutations
 + Level 8.9 Fire Magic
 + Level 8.9 Ice Magic
 + Level 8.9 Air Magic
 + Level 8.9 Earth Magic
 + Level 8.9 Poison Magic
 + Level 11.4 Invocations
 + Level 10.8 Evocations


You couldn't memorise any spells.
You knew the following spells:

 Your Spells              Type           Power      Damage    Failure   Level
a - Ozocubu's Refrigerat  Ice            34%        4d11      13%         7
b - Frozen Ramparts       Ice            100%       1d12      1%          3
c - Stone Arrow           Conj/Erth      100%       3d13      1%          3
d - Swiftness             Air            68%        N/A       1%          3
e - Summon Ice Beast      Ice/Summ       68%        N/A       1%          4
f - Mephitic Cloud        Conj/Pois/Air  68%        N/A       1%          3
g - Freezing Cloud        Conj/Ice/Air   34%        6-21      1%          5
i - Bolt of Magma         Conj/Fire/Erth 34%        4d15      1%          5
j - Invisibility          Hex            34%        N/A       9%          6

Your spell library contained the following spells:

 Spells                   Type           Power      Damage    Failure   Level
 Animate Skeleton         Necr           100%       N/A       1%          1
 Freeze                   Ice            100%       1d11      1%          1
 Pain                     Necr           100%       1d9       1%          1
 Sandblast                Erth           100%       2d20      1%          1
 Sting                    Tmut/Pois      100%       1d8       1%          1
 Summon Small Mammal      Summ           100%       N/A       1%          1
 Ensorcelled Hibernation  Hex/Ice        100%       N/A       1%          2
 Passwall                 Tmut/Erth      56%        N/A       1%          2
 Poisonous Vapours        Pois/Air       100%       N/A       1%          2
 Call Canine Familiar     Summ           68%        N/A       1%          3
 Conjure Flame            Conj/Fire      68%        6-21      1%          3
 Ignite Poison            Fire/Tmut/Pois 68%        N/A       1%          3
 Summon Guardian Golem    Hex/Summ       68%        N/A       1%          3
 Vampiric Draining        Necr           34%        2d10      1%          3
 Animate Dead             Necr           34%        N/A       1%          4
 Cause Fear               Hex            34%        N/A       1%          4
 Fulminant Prism          Conj/Hex       34%        3d16      1%          4
 Hailstorm                Conj/Ice       68%        3d14      1%          4
 Iskenderun's Mystic Bla  Conj/Tloc      68%        2d14      1%          4
 Olgreb's Toxic Radiance  Pois           68%        N/A       1%          4
 Passage of Golubria      Tloc           N/A        N/A       1%          4
 Sticky Flame             Conj/Fire      68%        2d8       1%          4
 Fireball                 Conj/Fire      34%        3d14      1%          5
 Iskenderun's Battlesphe  Conj           68%        2d12      1%          5
 Metabolic Englaciation   Hex/Ice        34%        N/A       1%          5
 Silence                  Hex/Air        34%        N/A       1%          5
 Starburst                Conj/Fire      34%        6d10      2%          6
 Simulacrum               Ice/Necr       34%        N/A       9%          6
 Orb of Destruction       Conj           34%        9d12      13%         7
 Haunt                    Necr/Summ      34%        N/A       43%         7
 Ignition                 Fire           34%        3d10      63%         8
 Lehudib's Crystal Spear  Conj/Erth      34%        10d9      63%         8
 Infestation              Necr           34%        N/A       98%         8
 Necromutation            Tmut/Necr      34%        N/A       98%         8
 Fire Storm               Conj/Fire      34%        8d9       100%        9


Dungeon Overview and Level Annotations

Branches:
Dungeon (11/15)            Temple (1/1) D:5            Lair (6/6) D:11
  Swamp (4/4) Lair:2       Spider (0/4) Lair:3        Slime (0/5) Lair:6
    Orc (2/2) D:10            Elf (0/3) Orc:2        Bailey (visited)
  IceCv (visited)         Volcano (visited)

Altars:
Ashenzari
Cheibriados
Dithmenos
Elyvilon
Fedhas
Gozag
Hepliaklqana
Kikubaaqudgha
Makhleb
Nemelex Xobeh
Okawaru
Qazlal
Ru
Sif Muna
Trog
Uskayaw
Vehumet
Wu Jian
Xom
Yredelemnul
Zin
The Shining One
Beogh

Shops:
D:3 ?   D:7 [   Orc:2 [!*?

Annotations:
D:7 1 runed translucent door
D:9 3 runed translucent doors, Draugr's ghost, novice DjFE
Lair:2 1 exclusion


Innate Abilities, Weirdness & Mutations

You cannot drink.
You have very sharp teeth.
Your uncanny sense of smell can sniff out nearby items.
Your experience applies equally to all skills.


Message History

The bunyip is almost dead.
Unknown command.
Aiming: Mindburst
Press: ? - help, Shift-Dir - straight line, f - alligator
Aim: an alligator (heavily wounded, covering ground quickly, chance to affect: 81%)
The alligator's mind is blasted!!
The alligator is no longer moving slowly.
The alligator bites you!!
* * * LOW HITPOINT WARNING * * *
The alligator barely misses you. x2; The alligator completely misses you.
You cannot drink potions in your current state!
Okay, then.
Okay, then.
Casting: Ozocubu's Refrigeration (dangerous; 13% risk of failure)
Confirm with . or Enter, or press ? or * to list all spells.
A chill wind blows around you. You block the alligator's attack.
The alligator tail-slaps you but does no damage.
You block the alligator's attack. x2
Unknown command.
You puncture the alligator!
You kill the alligator!
Vehumet accepts your kill.
You feel your power returning. You block the alligator's attack. x2
Your life force feels restored.
Unknown command.
You puncture the alligator!
You kill the alligator!
Vehumet accepts your kill.
You feel your power returning.
Unknown command.
Casting: Summon Ice Beast (mildly dangerous; 1% risk of failure)
Confirm with . or Enter, or press ? or * to list all spells.
Aiming: Bolt of Magma (mildly dangerous; 1% risk of failure)
Press: ? - help, Shift-Dir - straight line, f - bunyip
Aim: a bunyip (almost dead, 71% to hit)
The bolt of magma hits the bunyip!!
You kill the bunyip!
Vehumet accepts your kill.
You feel your power returning. The tyrant leech bites you!!
You die...

♣♣ .♣♣ ..♣♣ ...♣♣ ..#.♣♣♣♣♣
♣♣♣ .#..♣...♣♣ ♣♣♣≈♣♣♣♣♣♣♣
.##..≈≈≈≈♣♣♣♣.≈≈@w....♣♣♣
.##.§≈≈≈<≈....≈≈Y†≈≈≈≈≈.♣
.....♣.[≈..≈......§≈≈≈≈.♣♣♣♣♣
....≈≈♣.≈♣...≈≈≈...§≈≈≈§♣♣≈.♣
#....)≈...♣♣♣♣♣♣♣≈.≈≈≈≈♣♣≈..♣
#..≈.)..§≈.♣ ♣♣.♣.≈≈≈≈≈>.♣♣♣♣
#.♣≈....§≈.♣♣♣...≈≈≈≈≈≈≈[≈≈§♣
.♣♣..≈♣♣..≈♣♣......≈≈≈≈....≈♣
.♣≈).≈≈.....≈.≈≈≈..≈≈≈≈..≈≈.♣


You could see a tyrant leech and a friendly ice beast (summoned).

Vanquished Creatures
  Donald (Swamp:1)
  A thorn hunter (Swamp:3)
  A dire elephant (Lair:5)
  A bunyip (Swamp:3)
  An eleionoma (Swamp:1)
  A merfolk avatar (Lair:6)
  A boulder beetle (Lair:6)
  5 hydras
  Erica (Orc:1)
  A catoblepas (Lair:2)
  A spriggan air mage (Swamp:1)
  A ghost crab (Swamp:3)
  Erolcha (Orc:2)
  5 alligators
  2 spriggan berserkers (Swamp:1)
  18 spriggans
  Sonja (Lair:3)
  5 spriggan druids
  A sea snake (Lair:6)
  5 goliath frogs
  A lindwurm (Lair:5)
  5 orc knights (Orc:2)
  5 oklob plants (Lair:6)
  An ugly thing (D:9)
  Pikel (D:4)
  A cyclops (Orc:2)
  An orc sorcerer (Orc:1)
  A will-o-the-wisp (Swamp:3)
  2 black mambas
  3 elephants
  2 ice statues (IceCv)
  4 cane toads
  A torpor snail (Lair:5)
  The ghost of Alannah the Ducker, a novice DsWn (D:5)
  6 komodo dragons
  2 ice devils (Lair:5)
  5 entropy weaver simulacra (IceCv)
  3 rime drakes
  2 bloated husks
  A wind drake (Lair:6)
  A queen bee (Lair:6)
  A jumping spider (Lair:3)
  2 meliai (Lair:6)
  5 trolls
  17 hornets
  A polar bear (Lair:6)
  6 blink frogs
  5 tyrant leeches
  13 slime creatures
  2 redbacks (Lair:3)
  A centaur simulacrum (D:10)
  4 wraiths
  Eustachio (D:4)
  19 yaks
  6 wyverns
  2 basilisks
  2 steam dragons
  3 vampire mosquitoes
  8 swamp worms
  8 wargs (Orc:2)
  An acid dragon (D:10)
  Menkaure (D:7)
  2 demonic crawler simulacra (IceCv)
  2 nameless horrors
  15 water moccasins
  28 orc warriors
  A swamp drake (Swamp:2)
  A sky beast (D:5)
  3 ice beasts
  An ugly thing simulacrum (IceCv)
  2 necrophages (D:5)
  7 ogres
  6 wolves
  7 centaurs
  2 lemures (D:4)
  A kobold brigand (D:9)
  A phantom (D:6)
  A wyvern zombie (D:5)
  3 scorpions
  4 bullfrogs
  4 glowing shapeshifter simulacra (IceCv)
  15 killer bees
  8 wights
  8 electric eels
  A bullfrog zombie (D:5)
  A jelly (D:7)
  7 hounds
  8 orc priests
  2 bullfrog skeletons
  3 gnoll shamans
  An iguana (D:4)
  15 orc wizards
  6 hell rats (Lair:6)
  11 gnolls
  9 adders
  A white imp (D:5)
  A worm (D:5)
  5 dart slugs
  83 orcs
  6 ball pythons
  10 bats
  7 endoplasms
  15 goblins
  9 hobgoblins
  7 jackals
  21 kobolds
  A quokka (D:1)
  5 rats
568 creatures vanquished.

Vanquished Creatures (collateral kills)
  Gastronok (Lair:3)
  An azure jelly (IceCv)
  3 bunyips
  Snorg (Lair:3)
  The ghost of Kaofid the Geomancer, a journeyman GrEE of Vehumet (Lair:5)
  2 eleionomae (Swamp:1)
  Josephine (Lair:4)
  4 hydras
  2 alligators
  Nergalle (Lair:1)
  A goliath frog (Swamp:1)
  A bog body (Swamp:3)
  An orc knight (Orc:1)
  A lindwurm (Lair:4)
  An orc sorcerer (Orc:1)
  A wolf spider (Lair:3)
  A manticore (D:11)
  5 elephants
  8 black mambas
  5 cane toads
  2 rime drakes
  8 komodo dragons
  A red devil (Volcano)
  A meliai (Lair:6)
  A wind drake (Lair:6)
  2 polar bears
  4 hornets
  2 tyrant leeches (Swamp:3)
  11 slime creatures
  A blink frog (Lair:4)
  A snapping turtle (Lair:6)
  A wraith (Lair:3)
  10 wyverns
  6 spriggans
  A basilisk (Lair:1)
  7 yaks
  5 vampire mosquitoes
  3 steam dragons
  A warg (Orc:1)
  4 water moccasins
  8 orc warriors
  4 ogres
  An ice beast (D:8)
  A sky beast (D:7)
  A swamp drake (Swamp:1)
  4 wolves
  A bullfrog (D:9)
  A scorpion (D:6)
  8 killer bees
  3 wights
  A centaur zombie (D:10)
  4 orc priests
  A gnoll shaman (D:5)
  A hell rat (Lair:6)
  3 orc wizards
  A killer bee zombie (D:7)
  2 adders (D:5)
  12 gnolls
  A shadow imp (D:6)
  17 orcs
  2 endoplasms (Lair:6)
191 creatures vanquished.

Vanquished Creatures (others)
  A hydra (Lair:6)
  An elephant (Lair:6)
  A black mamba (Lair:6)
  An entropy weaver simulacrum (IceCv)
  A bloated husk (Swamp:3)
  A glowing shapeshifter simulacrum (IceCv)
  2 bushes (D:11)
  5 foxfires (Swamp:3)
  47 fungi
  58 plants
  7 toadstools (Lair:5)
125 creatures vanquished.

Grand Total: 884 creatures vanquished

Notes
Turn   | Place    | Note
-------+----------+-------------------------------------------
     0 | D:1      | DearestLeader the Gnoll Wanderer began the quest for the
                  | Orb.
     0 | D:1      | DearestLeader set off with the following items: a +2
                  | quarterstaff, a +0 robe, a +0 dagger; and the following
                  | spells available to memorise: Sandblast, Summon Small
                  | Mammal, Stone Arrow, Summon Guardian Golem
     0 | D:1      | Reached XP level 1. HP: 23/23 MP: 8/8
     2 | D:1      | Learned a level 1 spell: Sandblast
   135 | D:1      | Reached XP level 2. HP: 22/29 MP: 5/10
   478 | D:1      | Learned a level 1 spell: Summon Small Mammal
   560 | D:1      | Reached XP level 3. HP: 35/35 MP: 5/11
  1003 | D:1      | Reached skill level 1 in Invocations
  1464 | D:2      | You fall into a shaft and drop 2 floors!
  1514 | D:4      | Noticed a lemure
  1552 | D:4      | Noticed a scorpion
  1559 | D:4      | Identified a scroll of acquirement
  1559 | D:4      | Acquired DearestLeader's Volume of Attacks
  1570 | D:4      | Killed a scorpion
  1571 | D:4      | Reached skill level 1 in Short Blades
  1571 | D:4      | Reached skill level 1 in Long Blades
  1571 | D:4      | Reached skill level 1 in Axes
  1571 | D:4      | Reached skill level 1 in Maces & Flails
  1571 | D:4      | Reached skill level 1 in Polearms
  1571 | D:4      | Reached skill level 1 in Slings
  1571 | D:4      | Reached skill level 1 in Bows
  1571 | D:4      | Reached skill level 1 in Crossbows
  1571 | D:4      | Reached skill level 1 in Throwing
  1571 | D:4      | Reached skill level 1 in Armour
  1571 | D:4      | Reached skill level 1 in Dodging
  1571 | D:4      | Reached skill level 1 in Shields
  1571 | D:4      | Reached skill level 1 in Unarmed Combat
  1571 | D:4      | Reached skill level 1 in Conjurations
  1571 | D:4      | Reached skill level 1 in Hexes
  1571 | D:4      | Reached skill level 1 in Summonings
  1571 | D:4      | Reached skill level 1 in Necromancy
  1571 | D:4      | Reached skill level 1 in Translocations
  1571 | D:4      | Reached skill level 1 in Transmutations
  1571 | D:4      | Reached skill level 1 in Fire Magic
  1571 | D:4      | Reached skill level 1 in Ice Magic
  1571 | D:4      | Reached skill level 1 in Air Magic
  1571 | D:4      | Reached skill level 1 in Earth Magic
  1571 | D:4      | Reached skill level 1 in Poison Magic
  1571 | D:4      | Reached XP level 4. HP: 31/41 MP: 3/13
  1589 | D:4      | Killed a lemure
  1845 | D:4      | Noticed Pikel
  1862 | D:4      | Learned a level 3 spell: Stone Arrow
  1900 | D:4      | Reached XP level 5. HP: 47/47 MP: 10/14
  1957 | D:4      | Noticed a lemure
  1958 | D:4      | Noticed a lemure
  1962 | D:4      | Noticed a lemure
  2028 | D:5      | Entered Level 5 of the Dungeon
  2133 | D:5      | Found a runed translucent door.
  2136 | D:5      | Noticed Alannah's ghost (novice DsWn)
  2176 | D:5      | Noticed a necrophage
  2197 | D:5      | Killed a necrophage
  2198 | D:5      | Reached XP level 6. HP: 25/53 MP: 1/16
  2300 | D:5      | Learned a level 3 spell: Swiftness
  2360 | D:5      | Found a staircase to the Ecumenical Temple.
  2366 | Temple   | Entered the Ecumenical Temple
  2402 | Temple   | Became a worshipper of Vehumet
  2457 | D:5      | Found a burning altar of Makhleb.
  2794 | D:3      | Found Leppuus's Magic Scroll Boutique.
  3496 | D:3      | Got the Compendium of Excruciating Ice
  3502 | D:3      | Learned a level 4 spell: Summon Ice Beast
  3530 | D:3      | Found a faded altar of an unknown god.
  3554 | D:3      | Learned a level 3 spell: Mephitic Cloud
  3591 | D:3      | Reached * piety under Vehumet
  3591 | D:3      | Offered knowledge of Foxfire by Vehumet.
  3963 | D:4      | Killed Pikel
  3964 | D:4      | Reached XP level 7. HP: 26/60 MP: 0/18
  4237 | D:4      | Reached skill level 5 in Stealth
  4295 | D:4      | Noticed Eustachio
  4305 | D:4      | Killed Eustachio
  4548 | D:5      | Reached XP level 8. HP: 40/67 MP: 17/19
  4930 | D:5      | Identified the +1 quarterstaff "Puhinire" {elec, rPois
                  | Str+3 Dex+2 Stlth+}
  5762 | D:5      | Killed Alannah's ghost
  5859 | D:6      | Reached XP level 9. HP: 72/72 MP: 21/21
  5901 | D:6      | Offered knowledge of Shock by Vehumet.
  5922 | D:6      | Reached ** piety under Vehumet
  5926 | D:6      | Identified the +0 leather armour of the Hot Ocelot {rC+ rN+
                  | Will-}
  6757 | D:6      | Reached skill level 5 in Staves
  6757 | D:6      | Reached skill level 5 in Evocations
  6828 | D:7      | Found a white marble altar of Elyvilon.
  6927 | D:7      | Offered knowledge of Dazzling Flash by Vehumet.
  6969 | D:7      | Reached skill level 5 in Invocations
  7022 | D:7      | Found Fimisos's Antique Armour Emporium.
  7027 | D:7      | Found a runed translucent door.
  7027 | D:7      | Noticed a sixfirhy
  7034 | D:7      | Bought a runed leather armour for 170 gold pieces
  7045 | D:7      | Found a flagged portal.
  7054 | Bailey   | Entered a bailey
  7120 | Bailey   | Reached *** piety under Vehumet
  7142 | Bailey   | Noticed an orc knight
  7409 | D:7      | Noticed Menkaure
  7424 | D:7      | Killed Menkaure
  7908 | D:8      | Found a glowing golden altar of the Shining One.
  7919 | D:8      | Reached XP level 10. HP: 71/80 MP: 11/22
  8159 | D:8      | Found a sacrificial altar of Ru.
  8187 | D:8      | Reached skill level 5 in Short Blades
  8187 | D:8      | Reached skill level 5 in Long Blades
  8187 | D:8      | Reached skill level 5 in Axes
  8187 | D:8      | Reached skill level 5 in Maces & Flails
  8187 | D:8      | Reached skill level 5 in Polearms
  8187 | D:8      | Reached skill level 5 in Slings
  8187 | D:8      | Reached skill level 5 in Bows
  8187 | D:8      | Reached skill level 5 in Crossbows
  8187 | D:8      | Reached skill level 5 in Throwing
  8187 | D:8      | Reached skill level 5 in Armour
  8187 | D:8      | Reached skill level 5 in Dodging
  8187 | D:8      | Reached skill level 5 in Shields
  8187 | D:8      | Reached skill level 5 in Unarmed Combat
  8191 | D:8      | Offered knowledge of Olgreb's Toxic Radiance by Vehumet.
  8778 | D:8      | Found a stormy altar of Qazlal.
  8930 | D:9      | Learned a level 3 spell: Frozen Ramparts
  8936 | D:9      | Learned a level 5 spell: Freezing Cloud
  8998 | D:9      | Identified the +2 ring mail of the Harvest {Str+2}
  9060 | D:9      | Identified the +0 chain mail of Zostoff {rN++ Int+7 Dex+4}
  9176 | D:9      | Noticed a green ugly thing
  9207 | D:9      | Killed a green ugly thing
  9371 | D:9      | Reached **** piety under Vehumet
  9409 | D:9      | Found a runed translucent gate.
  9411 | D:9      | Found a runed translucent gate.
  9415 | D:9      | Found a runed translucent gate.
  9415 | D:9      | Found an opulent altar of Gozag.
  9415 | D:9      | Noticed a deep elf pyromancer
  9416 | D:9      | Noticed a five-headed hydra
  9417 | D:9      | Noticed Draugr's ghost (novice DjFE)
  9825 | D:10     | Entered Level 10 of the Dungeon
  9880 | D:10     | Offered knowledge of Irradiate by Vehumet.
 10060 | D:10     | Reached XP level 11. HP: 87/87 MP: 3/24
 10374 | D:10     | Found a staircase to the Orcish Mines.
 10471 | D:10     | Found a broken altar of Ashenzari.
 10580 | D:10     | Learned a level 5 spell: Fireball
 10644 | D:10     | Reached skill level 5 in Conjurations
 10644 | D:10     | Reached skill level 5 in Hexes
 10644 | D:10     | Reached skill level 5 in Summonings
 10644 | D:10     | Reached skill level 5 in Necromancy
 10644 | D:10     | Reached skill level 5 in Translocations
 10644 | D:10     | Reached skill level 5 in Transmutations
 10644 | D:10     | Reached skill level 5 in Fire Magic
 10644 | D:10     | Reached skill level 5 in Ice Magic
 10644 | D:10     | Reached skill level 5 in Air Magic
 10644 | D:10     | Reached skill level 5 in Earth Magic
 10644 | D:10     | Reached skill level 5 in Poison Magic
 10651 | D:10     | Reached ***** piety under Vehumet
 10652 | D:10     | Offered knowledge of Lightning Bolt by Vehumet.
 11107 | D:11     | Found a staircase to the Lair.
 11697 | D:11     | Noticed a manticore
 11705 | D:11     | Killed a manticore
 12096 | Lair:1   | Entered Level 1 of the Lair of Beasts
 12325 | Lair:1   | Acquired 473 gold pieces
 12459 | Lair:1   | Noticed an eight-headed hydra
 12468 | Lair:1   | Killed an eight-headed hydra
 12880 | Lair:1   | Identified the +4 short sword of Ejuhafyu {vorpal, +Rage
                  | Will- Str-3 Dex+10}
 13043 | Lair:1   | Noticed Nergalle
 13057 | Lair:1   | Killed Nergalle
 13427 | Lair:2   | Noticed a four-headed hydra
 13433 | Lair:2   | Killed a four-headed hydra
 13434 | Lair:2   | Reached XP level 12. HP: 92/96 MP: 5/25
 13578 | Lair:2   | Reached skill level 10 in Spellcasting
 13723 | Lair:2   | Noticed a catoblepas
 13747 | Lair:2   | Killed a catoblepas
 13888 | Lair:2   | Found a staircase to the Swamp.
 14782 | Lair:3   | Noticed Snorg
 14788 | Lair:3   | Noticed Gastronok
 14802 | Lair:3   | Killed Snorg
 14817 | Lair:3   | Killed Gastronok
 14876 | Lair:3   | Noticed Sonja
 14883 | Lair:3   | Killed Sonja
 15393 | Lair:3   | Identified the +7 hunting sling "Ituitidi" {freeze, Will++}
 15435 | Lair:3   | Reached skill level 10 in Fighting
 15441 | Lair:3   | Found a hole to the Spider Nest.
 16063 | Lair:4   | Noticed an eight-headed hydra
 16068 | Lair:4   | Killed an eight-headed hydra
 16623 | Lair:4   | Reached XP level 13. HP: 99/103 MP: 7/27
 17090 | Lair:4   | Noticed Josephine
 17862 | Lair:4   | Killed Josephine
 18339 | Lair:5   | Found a frozen archway.
 18475 | IceCv    | Entered an ice cave
 18541 | IceCv    | Learned a level 5 spell: Bolt of Magma
 19444 | IceCv    | Found a viscous altar of Jiyva.
 19444 | IceCv    | Noticed an azure jelly
 19489 | IceCv    | Killed an azure jelly
 19607 | IceCv    | Identified the +2 ring mail of Lausk {Stlth+}
 19609 | IceCv    | Identified the +10 trident "Biafadgh" {vorpal, *Corrode Fly
                  | Int+9 SInv}
 19611 | IceCv    | Identified the ring of Weraecah {+Blink rC- Str-3 Int+6
                  | Dex+10}
 19615 | IceCv    | Identified the amulet of Qischurgh {RegenMP *Slow rPois
                  | rC+}
 19895 | Lair:5   | Found a runed translucent door.
 19897 | Lair:5   | Noticed Kaofid's ghost (journeyman GrEE)
 20338 | Lair:5   | Noticed a dire elephant
 20362 | Lair:5   | Found a runed translucent door.
 20432 | Lair:5   | Killed a dire elephant
 20434 | Lair:5   | Reached XP level 14. HP: 55/111 MP: 9/29
 20487 | Lair:5   | Got the Compendium of Darkness
 21482 | Lair:5   | Killed Kaofid's ghost
 21482 | Lair:5   | Offered knowledge of Lee's Rapid Deconstruction by Vehumet.
 21588 | Lair:6   | Entered Level 6 of the Lair of Beasts
 21767 | Lair:6   | Reached skill level 10 in Stealth
 21834 | Lair:6   | Found a dark tunnel.
 21850 | Volcano  | Entered a volcano
 22561 | Lair:6   | Reached skill level 10 in Invocations
 23350 | Lair:6   | Found a staircase to the Slime Pits.
 24318 | Orc:1    | Entered Level 1 of the Orcish Mines
 24851 | Orc:1    | Offered knowledge of Conjure Ball Lightning by Vehumet.
 25196 | Orc:1    | Noticed Erica
 25204 | Orc:1    | Killed Erica
 25740 | Orc:2    | Entered Level 2 of the Orcish Mines
 25875 | Orc:2    | Noticed Erolcha
 25880 | Orc:2    | Killed Erolcha
 25942 | Orc:2    | Reached skill level 10 in Staves
 25942 | Orc:2    | Reached skill level 10 in Evocations
 26047 | Orc:2    | Reached XP level 15. HP: 119/119 MP: 8/30
 26330 | Orc:2    | Found Mipsaxtu's Magic Scroll Shoppe.
 26330 | Orc:2    | Found Looll's Assorted Antiques.
 26344 | Orc:2    | Bought a pair of embroidered gloves for 225 gold pieces
 26344 | Orc:2    | Bought a smoking leather armour for 210 gold pieces
 26344 | Orc:2    | Identified the +1 leather armour of Twilight {Stlth+} (You
                  | bought it in a shop on level 2 of the Orcish Mines)
 26480 | Orc:2    | Offered knowledge of Yara's Violent Unravelling by Vehumet.
 26523 | Orc:2    | Found Irafrez's Distillery.
 26523 | Orc:2    | Found Obeofif's Antique Armour Shop.
 26532 | Orc:2    | Bought a potion of heal wounds for 50 gold pieces
 26575 | Orc:2    | Bought an ancient leather armour for 189 gold pieces
 26575 | Orc:2    | Identified the +0 leather armour "Hoduw" {rElec Dex+5} (You
                  | bought it in a shop on level 2 of the Orcish Mines)
 26575 | Orc:2    | Bought a wizard robe for 153 gold pieces
 26575 | Orc:2    | Identified the +0 robe "Kuliecef" {rElec rN+ Stlth-} (You
                  | bought it in a shop on level 2 of the Orcish Mines)
 26691 | Orc:2    | Found a staircase to the Elven Halls.
 27227 | Swamp:1  | Entered Level 1 of the Swamp
 27683 | Swamp:1  | Noticed Donald
 27712 | Swamp:1  | Killed Donald
 27943 | Swamp:1  | Reached skill level 10 in Short Blades
 27943 | Swamp:1  | Reached skill level 10 in Long Blades
 27943 | Swamp:1  | Reached skill level 10 in Axes
 27943 | Swamp:1  | Reached skill level 10 in Maces & Flails
 27943 | Swamp:1  | Reached skill level 10 in Polearms
 27943 | Swamp:1  | Reached skill level 10 in Slings
 27943 | Swamp:1  | Reached skill level 10 in Bows
 27943 | Swamp:1  | Reached skill level 10 in Crossbows
 27943 | Swamp:1  | Reached skill level 10 in Throwing
 27943 | Swamp:1  | Reached skill level 10 in Armour
 27943 | Swamp:1  | Reached skill level 10 in Dodging
 27943 | Swamp:1  | Reached skill level 10 in Shields
 27943 | Swamp:1  | Reached skill level 10 in Unarmed Combat
 28894 | Swamp:1  | Learned a level 6 spell: Invisibility
 30174 | Swamp:2  | Offered knowledge of Ozocubu's Refrigeration by Vehumet.
 30410 | Swamp:2  | Got the Reference Book on Entrancing Confrontation
 31072 | Swamp:3  | Noticed a thorn hunter
 31084 | Swamp:3  | Killed a thorn hunter
 31692 | Swamp:3  | Reached XP level 16. HP: 127/127 MP: 14/32
 31717 | Swamp:3  | Learned a level 7 spell: Ozocubu's Refrigeration
 32433 | Swamp:4  | Entered Level 4 of the Swamp
 32446 | Swamp:3  | Slain by a tyrant leech

Illustrated notes

Levels and vault maps discovered:
D:1:      minmay_arrival_wavy_path, layout_basic, st_stairs_1,
          minmay_tetromino_o4
D:2:      layout_loops_ring
D:3:      layout_basic, basic_ecumenical_altar, serial_shops,
          nicolae_shop_crystal
D:4:      layout_cave_pods, uniq_eustachio, uniq_pikel
D:5:      layout_basic, lightli_temple_of_fire,
          minmay_temple_entry_enclosed_plants, ebering_ghost_sewer_d
D:6:      layout_rooms
D:7:      cheibrodos_shockbox, layout_loops_ring, elyvilon_altar_5,
          serial_shops, shop_statue, enter_bailey_3, kennysheep_diamond,
          uniq_menkaure
D:8:      layout_rooms, hangedman_ru_absence, mainiacjoe_overflow_catwalk_spiral
D:9:      layout_roguey, ebering_ghost_gozag
D:10:     cheibrodos_two_vegetables, layout_cave_pools,
          mainiacjoe_overflow_paths, special_room [special_room_orc]
D:11:     minmay_klotski, layout_rooms, minmay_lair_entry_grove
Temple:   nicolae_temple_x_marks_the_god
Lair:1:   layout_long_grid, uniq_nergalle
Lair:2:   layout_small_grid, minmay_swamp_entry_worms, beast_lair_carwin_3,
          lemuel_fruit_tree, lemuel_fruit_fields
Lair:3:   layout_cave_pods, spider_nest_entry_funnel_web, serial_bayou_crossing,
          grunt_megastairs_4, uniq_snorg, uniq_gastronok, uniq_sonja
Lair:4:   layout_cave_shapes, ldierk_geyser, cheibrodos_lair_caveside_slide,
          infiniplex_staircase_pool, uniq_josephine
Lair:5:   gammafunk_lair_enchanted_lake, layout_cave_pods,
          portal_ice_cave_demonic_guard, ebering_ghost_inner_flame,
          grunt_megastairs_2
Lair:6:   gammafunk_lair_ancient_temple, layout_misc_corridors,
          nicolae_slime_entry_slimehenge, special_room [special_room_bee],
          nicolae_volcano_entry_two_sided, minmay_lair_oklob_chamber
Swamp:1:  nicolae_swamp_secret_spriggan_hideout, layout_falls_marsh,
          evilmike_swamp_ruin_house_6, swamp_pool2, uniq_donald
Swamp:2:  nicolae_swamp_long_stream, layout_basic_swamp,
          evilmike_swamp_ruin_house_3
Swamp:3:  layout_basic_swamp, evilmike_swamp_ruin_rubble_1
Swamp:4:  swamp, layout_basic_swamp
Orc:1:    layout_caves, basic_altar, uniq_erica
Orc:2:    st_orc_town, layout_diamond_mine, uniq_erolcha

Skill      XL: |  1  2  3  4  5  6  7  8  9 10 11 12 13 14 15 |
---------------+----------------------------------------------+-----
Invocations    | 1 2 3 4 5 6 7 8 9 10 11 | 11.4
Short Blades   | 1 2 3 4 5 6 7 8 9 10 | 10.5
Long Blades    | 1 2 3 4 5 6 7 8 9 10 | 10.5
Axes           | 1 2 3 4 5 6 7 8 9 10 | 10.5
Maces & Flails | 1 2 3 4 5 6 7 8 9 10 | 10.5
Polearms       | 1 2 3 4 5 6 7 8 9 10 | 10.5
Slings         | 1 2 3 4 5 6 7 8 9 10 | 10.5
Bows           | 1 2 3 4 5 6 7 8 9 10 | 10.5
Crossbows      | 1 2 3 4 5 6 7 8 9 10 | 10.5
Throwing       | 1 2 3 4 5 6 7 8 9 10 | 10.5
Armour         | 1 2 3 4 5 6 7 8 9 10 | 10.5
Dodging        | 1 2 3 4 5 6 7 8 9 10 | 10.5
Shields        | 1 2 3 4 5 6 7 8 9 10 | 10.5
Unarmed Combat | 1 2 3 4 5 6 7 8 9 10 | 10.5
Conjurations   | 1 2 3 4 5 6 7 8 |  8.9
Hexes          | 1 2 3 4 5 6 7 8 |  8.9
Summonings     | 1 2 3 4 5 6 7 8 |  8.9
Necromancy     | 1 2 3 4 5 6 7 8 |  8.9
Translocations | 1 2 3 4 5 6 7 8 |  8.9
Transmutations | 1 2 3 4 5 6 7 8 |  8.9
Fire Magic     | 1 2 3 4 5 6 7 8 |  8.9
Ice Magic      | 1 2 3 4 5 6 7 8 |  8.9
Air Magic      | 1 2 3 4 5 6 7 8 |  8.9
Earth Magic    | 1 2 3 4 5 6 7 8 |  8.9
Poison Magic   | 1 2 3 4 5 6 7 8 |  8.9
Staves         | 3 4 5 6 7 8 9 10 | 10.8
Evocations     | 3 4 5 6 7 8 9 10 | 10.8
Fighting       | 7 8 9 10 11 12 | 12.2
Stealth        | 5 6 7 8 9 10 11 | 11.3
Spellcasting   | 8 9 10 11 12 | 12.4

Action                   |  1- 3 |  4- 6 |  7- 9 | 10-12 | 13-15 | 16-18 || total
-------------------------+-------+-------+-------+-------+-------+-------++-------
Melee: Quarterstaff      |    60 |   101 |   116 |   192 |    81 |       ||   550
       Bite              |     2 |    10 |    16 |    32 |    32 |       ||    92
       Whip              |       |       |    40 |       |       |       ||    40
       Punch             |       |       |     2 |       |       |       ||     2
       Scimitar          |       |       |    11 |    14 |       |       ||    25
       Trident           |       |       |       |       |   350 |     5 ||   355
 Cast: Sandblast         |    27 |    32 |     4 |    10 |    11 |       ||    84
       Summon Small Mamm |     4 |     9 |       |       |       |       ||    13
       Stone Arrow       |       |     5 |     9 |     7 |    36 |       ||    57
       Mephitic Cloud    |       |     1 |    10 |     7 |    15 |       ||    33
       Summon Ice Beast  |       |       |    29 |   125 |   259 |    16 ||   429
       Swiftness         |       |       |     1 |     1 |    11 |       ||    13
       Freezing Cloud    |       |       |       |    52 |   191 |     1 ||   244
       Frozen Ramparts   |       |       |       |     6 |    20 |     1 ||    27
       Fireball          |       |       |       |    10 |     9 |       ||    19
       Bolt of Magma     |       |       |       |       |    39 |     1 ||    40
       Ozocubu's Refrige |       |       |       |       |       |    12 ||    12
Evoke: Wand              |       |       |       |       |     1 |     1 ||     2
  Use: Potion            |     1 |     1 |       |     3 |     6 |       ||    11
       Scroll            |     1 |     3 |    13 |     9 |    19 |     1 ||    46
 Stab: Sleeping          |     5 |     4 |    15 |     2 |     4 |       ||    30
       Distracted        |       |       |     3 |       |    10 |     1 ||    14
       Confused          |       |       |     2 |       |     5 |       ||     7
       Invisible         |       |       |       |     1 |       |       ||     1
Armor: Robe              |    18 |    35 |    26 |    55 |   114 |     3 ||   251
       Chain mail        |       |       |       |    14 |       |       ||    14
Dodge: Dodged            |    46 |    78 |   101 |   202 |   311 |    15 ||   753
Block: Buckler           |       |       |       |       |   109 |    13 ||   122
       Rpst.: Scimitar   |       |       |     1 |     6 |       |       ||     7
